 Dungeon Crawl Stone Soup version 0.30-a0-586-g23e55c9e0a (webtiles) character file.

Game seed: 10902306181506482655

5 PyroL the Insei (level 1, -2/13 HPs)
             Began as an Octopode Transmuter on Jan 3, 2023.
             Frozen to death by an endoplasm (4 damage)
             ... on level 1 of the Dungeon.
             The game lasted 00:00:12 (32 turns).

PyroL the Insei (Octopode Transmuter)                 Turns: 32, Time: 00:00:13

Health: -2/13      AC:  1    Str:  9    XL:     1   Next: 80%
Magic:  2/3        EV: 13    Int: 15    God:
Gold:   0          SH:  0    Dex: 12    Spells: 3/4 levels left

rFire   . . .      SeeInvis .      - Unarmed
rCold   . . .      Faith    .    (no shield)
rNeg    . . .      Spirit   .    (helmet currently unavailable)
rPois   .          Reflect  .    (no amulet)
rElec   .          Harm     .    (no ring)
rCorr   .          Rampage  .    (no ring)
Will    .....                    (no ring)
Stlth   ++                       (no ring)
HPRegen 0.22/turn                (no ring)
MPRegen 0.08/turn                (no ring)
                                 (no ring)
                                 (no ring)

@: appendages (expiring)
A: tentacle spike 3, almost no armour, amphibious, 8 rings, camouflage 1,
gelatinous body 1, (nimble swimmer 1), tentacles
a: End Transformation


You were on level 1 of the Dungeon.
One of your tentacles had grown a beastly spike.
You visited 1 branch of the dungeon, and saw 1 of its levels.

Inventory:

Potions
 a - a potion of lignification


   Skills:
 - Level 1.0 Fighting
 - Level 2.0 Dodging
 - Level 3.0 Unarmed Combat
 - Level 2.0 Spellcasting
 + Level 2.2 Transmutations
 + Level 1.0 Poison Magic


You had 3 spell levels left.
You knew the following spells:

 Your Spells              Type           Power      Damage    Failure   Level
a - Beastly Appendage     Tmut           16%        N/A       9%          1

Your spell library contained the following spells:

 Spells                   Type           Power      Damage    Failure   Level
 Wereblood                Tmut           8%         N/A       13%         2
 Spider Form              Tmut/Pois      6%         N/A       32%         3
 Ice Form                 Ice/Tmut       4%         N/A       80%         4


Dungeon Overview and Level Annotations

Branches:
Dungeon (1/15)

Altars:


Innate Abilities, Weirdness & Mutations

One of your tentacles has grown a beastly spike.
You cannot wear most types of armour.
You are amphibious.
You can wear up to eight rings at the same time.
Your skin changes colour to match your surroundings (Stealth+).
Your rubbery body absorbs attacks. (AC +1, EV +1)
((You are camouflaged when in or above water. (Stealth+)))
You have tentacles for arms and can constrict up to eight enemies at once.


Message History

You completely miss the jackal. Your grab misses the jackal.
You pierce the jackal.
The jackal is almost dead.
Your tentacle spike disappears.
The jackal bites you.
* * * LOW HITPOINT WARNING * * *
The jackal closely misses you.
You closely miss the jackal. You grab the jackal. You squeeze the jackal.
You kill the jackal!
The jackal misses you. The endoplasm freezes you.
You are frozen.
* * * LOW HITPOINT WARNING * * *
You are too injured to fight recklessly!
Casting: Beastly Appendage (safe; 9% risk of failure)
Confirm with . or Enter, or press ? or * to list all spells.
One of your tentacles grows a vicious spike.
The jackal bites you but does no damage.
The endoplasm hits you but does no damage.
The jackal barely misses you.
You tentacle-slap the jackal. You grab the jackal.
You pierce the jackal.
You kill the jackal!
The endoplasm misses you.
Your Poison Magic skill increases to level 1!
You tentacle-slap the endoplasm but do no damage.
The endoplasm hits you.
* * * LOW HITPOINT WARNING * * *
You tentacle-slap the endoplasm.
The endoplasm is heavily wounded.
The endoplasm closely misses you.
You tentacle-slap the endoplasm but do no damage.
Your tentacle spike misses the endoplasm.
The endoplasm is moderately wounded.
Your transformation is almost over.
The endoplasm barely misses you.
You tentacle-slap the endoplasm.
The endoplasm is heavily wounded.
The endoplasm freezes you.
You are frozen.
You die...

###########
########.........#
#.#.8#......@.#
#..#'#.#.####J†......
#<.#'..#.# ####.####
#..#'###.. # #.#.8#
.... ###### #....
#..... #......


You could see an endoplasm.

Vanquished Creatures
  4 jackals (D:1)
4 creatures vanquished.

Notes
Turn   | Place    | Note
-------+----------+-------------------------------------------
     0 | D:1      | PyroL the Octopode Transmuter began the quest for the Orb.
     0 | D:1      | Reached XP level 1. HP: 13/13 MP: 3/3
    29 | D:1      | Reached skill level 1 in Poison Magic
    32 | D:1      | Frozen to death by an endoplasm

Illustrated notes

Levels and vault maps discovered:
D:1:      saegor_arrival_simple_c, layout_loops_ring,
          shapermc_ecumenical_altar_mp_ritualfount, dreamdust_wishing_well

Skill      XL: |  1 |
---------------+----+-----
Poison Magic   | 1 |  1.0
Fighting       | |  1.0
Dodging        | |  2.0
Unarmed Combat | |  3.0
Spellcasting   | |  2.0
Transmutations | |  2.2

Action                   || total
-------------------------++-------
Melee: Unarmed           ||    15
       Tentacles         ||     4
       Constrict         ||     3
       Kick              ||     3
 Cast: Beastly Appendage ||     2
Armor: Skin              ||     2
Dodge: Dodged            ||    18

Table legend: (Time is in decaauts)
 A = Elapsed time spent in this place.
 B = Non-inter-level travel time spent in this place.
 C = Inter-level travel time spent in this place.
 D = Time resting spent in this place.
 E = Time spent auto-exploring this place.
 F = Levels seen in this place.
 G = Mean time per level.
                   A        B        C        D        E       F      G
               +--------+--------+--------+--------+--------+-----+--------+
         Total |     31 |     31 |      0 |      0 |      7 |   1 |   31.0 |
       Dungeon |     31 |     31 |      0 |      0 |      7 |   1 |   31.0 |
               +--------+--------+--------+--------+--------+-----+--------+

Top non-repeatable levels by time:
     D:1: 31 daAuts
